| TOP OF THE 1ST |
|
Omaha Storm Chasers batting - Pitching for Toledo Mud Hens : RHP Ricky Tercero
|
|
Pitching: RHP Ricky Tercero
|
|
|
Batting: RHB Kevin Wimberly
|
0-0: Called Strike 0-1: Ball 1-1: Ball 2-1: Called Strike 2-2: Ball 3-2: Foul Ball, location: 2F 3-2: SINGLE (Flyball, 7LS, EV 93.8 MPH)
|
|
Batting: SHB Ryoji Hiraoka
|
0-0: Called Strike 0-1: Swinging Strike 0-2: Strikes out swinging
|
|
Batting: RHB Adam Martin
|
0-0: Called Strike 0-1: DOUBLE (Flyball, 78XD, EV 99.4 MPH) Kevin Wimberly to third
|
|
Batting: RHB Kazuki Arai
|
0-0: Called Strike 0-1: Swinging Strike 0-2: Ball 1-2: Ball 2-2: Fly out, F6 (Line Drive, 4M, EV 63.8 MPH)
|
|
Batting: LHB Robby Diaz
|
0-0: Ball 1-0: Called Strike 1-1: Ball 2-1: Called Strike 2-2: Ball 3-2: Foul Ball, location: 2F 3-2: Foul Ball, location: 2F 3-2: Strikes out swinging
|
| Top of the 1st over - 0 runs, 2 hits, 0 errors, 2 left on base; Omaha 0 - Toledo 0 |
| BOTTOM OF THE 1ST |
|
Toledo Mud Hens batting - Pitching for Omaha Storm Chasers : RHP Matthew Orphan
|
|
Pitching: RHP Matthew Orphan
|
|
|
Batting: RHB Brandon O'Malley
|
0-0: Ball 1-0: Ball 2-0: Reached via error on a dropped throw from P, E3 (Groundball, 13S, EV 66.2 MPH)
|
|
Batting: RHB Tony Soto
|
0-0: Ball 1-0: Reached on error, E6 (Groundball, 6, EV 88.1 MPH) Brandon O'Malley to second
|
|
Batting: SHB Richello Badua
|
0-0: Grounds into double play, 6-4-3 (Groundball, 6, EV 105.6 MPH) Brandon O'Malley to third
|
|
Batting: RHB John Evancho
|
0-0: Foul Ball, location: 2F 0-1: Foul Ball, location: 2F 0-2: Ball 1-2: Strikes out swinging
|
| Bottom of the 1st over - 0 runs, 0 hits, 2 errors, 1 left on base; Omaha 0 - Toledo 0 |
| TOP OF THE 2ND |
|
Omaha Storm Chasers batting - Pitching for Toledo Mud Hens : RHP Ricky Tercero
|
|
Batting: RHB Ken Postlethwaite
|
0-0: Swinging Strike 0-1: Ball 1-1: Ground out 5-3 (Groundball, 56S, EV 87.5 MPH)
|
|
Batting: RHB Chang-keun Baik
|
0-0: Ball 1-0: Ball 2-0: Called Strike 2-1: Ground out 6-3 (Groundball, 6, EV 107.5 MPH)
|
|
Batting: RHB Chad Sullivan
|
0-0: Ball 1-0: Called Strike 1-1: Swinging Strike 1-2: Ball 2-2: Ball 3-2: Strikes out swinging
|
| Top of the 2nd over - 0 runs, 0 hits, 0 errors, 0 left on base; Omaha 0 - Toledo 0 |
| BOTTOM OF THE 2ND |
|
Toledo Mud Hens batting - Pitching for Omaha Storm Chasers : RHP Matthew Orphan
|
|
Batting: RHB J.J. Basil
|
0-0: Ball 1-0: Ball 2-0: Ball 3-0: Base on Balls
|
|
Batting: RHB Dusty Pollert
|
0-0: Called Strike 0-1: Fly out, F8 (Flyball, 89M, EV 95.0 MPH)
|
|
Batting: RHB Eric Garrett
|
0-0: Called Strike 0-1: Foul Ball, location: 2F 0-2: Fly out, F9 (Flyball, 89M, EV 85.0 MPH)
|
|
Batting: RHB Carlos Armenteros
|
0-0: Ball 1-0: Called Strike 1-1: Ball 2-1: Ball 3-1: Foul Ball, location: 2F 3-2: Base on Balls J.J. Basil to second
|
|
Batting: SHB Scott Bartholomew
|
0-0: Swinging Strike 0-1: Ball 1-1: Ground out U3 (Groundball, 3, EV 78.8 MPH)
|
| Bottom of the 2nd over - 0 runs, 0 hits, 0 errors, 2 left on base; Omaha 0 - Toledo 0 |
| TOP OF THE 3RD |
|
Omaha Storm Chasers batting - Pitching for Toledo Mud Hens : RHP Ricky Tercero
|
|
Batting: RHB Jason Birge
|
0-0: Ball 1-0: Swinging Strike 1-1: Swinging Strike 1-2: Strikes out swinging
|
|
Batting: RHB Kevin Wimberly
|
0-0: Foul Ball, location: 2F 0-1: Ball 1-1: Ball 2-1: Ball 3-1: Base on Balls
|
|
Batting: SHB Ryoji Hiraoka
|
0-0: DOUBLE (Flyball, 8LXD, EV 101.2 MPH) Kevin Wimberly to third
|
|
Batting: RHB Adam Martin
|
0-0: Ball 1-0: Swinging Strike 1-1: Foul Ball, location: 2F 1-2: Ball 2-2: DOUBLE (Flyball, 8RXD, EV 104.4 MPH) Kevin Wimberly scores Ryoji Hiraoka scores
|
|
Batting: RHB Kazuki Arai
|
0-0: Ball 1-0: Ball 2-0: Ball 3-0: Called Strike 3-1: Ground out 1-3 (Groundball, P, EV 69.4 MPH) Adam Martin to third
|
|
Batting: LHB Robby Diaz
|
0-0: Fly out, F7 (Flyball, 7, EV 92.5 MPH)
|
| Top of the 3rd over - 2 runs, 2 hits, 0 errors, 1 left on base; Omaha 2 - Toledo 0 |
| BOTTOM OF THE 3RD |
|
Toledo Mud Hens batting - Pitching for Omaha Storm Chasers : RHP Matthew Orphan
|
|
Batting: RHB Brandon O'Malley
|
0-0: Foul Ball, location: 2F 0-1: Ball 1-1: Ball 2-1: Foul Ball, location: 2F 2-2: Ball 3-2: Strikes out looking
|
|
Batting: RHB Tony Soto
|
0-0: Bunt for hit to 13 - play at first, batter OUT! 1-3
|
|
Batting: SHB Richello Badua
|
0-0: SINGLE (Groundball, 34D, EV 98.1 MPH)
|
|
Batting: RHB John Evancho
|
0-0: Called Strike 0-1: Swinging Strike 0-2: Strikes out swinging
|
| Bottom of the 3rd over - 0 runs, 1 hit, 0 errors, 1 left on base; Omaha 2 - Toledo 0 |
| TOP OF THE 4TH |
|
Omaha Storm Chasers batting - Pitching for Toledo Mud Hens : RHP Ricky Tercero
|
|
Batting: RHB Ken Postlethwaite
|
0-0: Called Strike 0-1: Ball 1-1: Swinging Strike 1-2: Ball 2-2: Foul Ball, location: 2F 2-2: Ball 3-2: Foul Ball, location: 2F 3-2: Strikes out looking
|
|
Batting: RHB Chang-keun Baik
|
0-0: SINGLE (Groundball, 6S, EV 78.1 MPH) (infield hit)
|
|
Batting: RHB Chad Sullivan
|
0-0: Grounds into double play, 6-4-3 (Groundball, 6, EV 91.9 MPH)
|
| Top of the 4th over - 0 runs, 1 hit, 0 errors, 0 left on base; Omaha 2 - Toledo 0 |
| BOTTOM OF THE 4TH |
|
Toledo Mud Hens batting - Pitching for Omaha Storm Chasers : RHP Matthew Orphan
|
|
Batting: RHB J.J. Basil
|
0-0: Ball 1-0: DOUBLE (Line Drive, 9LS, EV 105.6 MPH)
|
|
Batting: RHB Dusty Pollert
|
0-0: Called Strike 0-1: DOUBLE (Line Drive, 78XD, EV 100.6 MPH) J.J. Basil scores
|
|
Batting: RHB Eric Garrett
|
0-0: Ball 1-0: Called Strike 1-1: Ball 2-1: Ground out 4-3 (Groundball, 4, EV 84.4 MPH) Dusty Pollert to third
|
|
Batting: RHB Carlos Armenteros
|
0-0: Ball 1-0: Foul Ball, location: 2F 1-1: Swinging Strike 1-2: Ball 2-2: Strikes out looking
|
|
Batting: SHB Scott Bartholomew
|
0-0: Called Strike 0-1: Ball 1-1: Ball 2-1: Fly out, F8 (Flyball, 8RS, EV 97.5 MPH)
|
| Bottom of the 4th over - 1 run, 2 hits, 0 errors, 1 left on base; Omaha 2 - Toledo 1 |
| TOP OF THE 5TH |
|
Omaha Storm Chasers batting - Pitching for Toledo Mud Hens : RHP Ricky Tercero
|
|
Batting: RHB Jason Birge
|
0-0: Ball 1-0: Hit by Pitch
|
|
Batting: RHB Kevin Wimberly
|
0-0: Ball 1-0: Ground out U3 (Groundball, 34, EV 90.6 MPH) Jason Birge to second
|
|
Batting: SHB Ryoji Hiraoka
|
0-0: Ball 1-0: Called Strike 1-1: Ball 2-1: Ball 3-1: Swinging Strike 3-2: Ground out 4-3 (Groundball, 4, EV 89.4 MPH) Jason Birge to third
|
|
Batting: RHB Adam Martin
|
0-0: Ball 1-0: Ball 2-0: Called Strike 2-1: Foul Ball, location: 2F 2-2: Foul Ball, location: 2F 2-2: Ball 3-2: Base on Balls
|
|
Batting: RHB Kazuki Arai
|
0-0: Ball 1-0: Foul Ball, location: 2F 1-1: Ball 2-1: Called Strike 2-2: SINGLE (Groundball, 56D, EV 105.6 MPH) Jason Birge scores Adam Martin to second
|
|
Batting: LHB Robby Diaz
|
0-0: Fly out, F8 (Flyball, 8LXD, EV 106.2 MPH)
|
| Top of the 5th over - 1 run, 1 hit, 0 errors, 2 left on base; Omaha 3 - Toledo 1 |
| BOTTOM OF THE 5TH |
|
Toledo Mud Hens batting - Pitching for Omaha Storm Chasers : RHP Matthew Orphan
|
|
Batting: RHB Brandon O'Malley
|
0-0: Called Strike 0-1: Ball 1-1: Foul Ball, location: 2F 1-2: Strikes out swinging
|
|
Batting: RHB Tony Soto
|
0-0: Foul Ball, location: 2F 0-1: Foul Ball, location: 2F 0-2: Strikes out swinging
|
|
Batting: SHB Richello Badua
|
0-0: Ball 1-0: Called Strike 1-1: Ball 2-1: SINGLE (Line Drive, 34D, EV 100.0 MPH)
|
|
Batting: RHB John Evancho
|
0-0: Ball 1-0: Ball 2-0: Ground out U3 (Groundball, 3, EV 82.5 MPH)
|
| Bottom of the 5th over - 0 runs, 1 hit, 0 errors, 1 left on base; Omaha 3 - Toledo 1 |
| TOP OF THE 6TH |
|
Omaha Storm Chasers batting - Pitching for Toledo Mud Hens : RHP Ricky Tercero
|
|
Batting: RHB Ken Postlethwaite
|
0-0: Ball 1-0: Ground out 1-3 (Groundball, 13, EV 70.0 MPH)
|
|
Batting: RHB Chang-keun Baik
|
0-0: Called Strike 0-1: Swinging Strike 0-2: Strikes out swinging
|
|
Batting: RHB Chad Sullivan
|
0-0: Ball 1-0: Reached on error, E1 (Groundball, 15S, EV 71.2 MPH)
|
|
Batting: RHB Jason Birge
|
0-0: Ball 1-0: DOUBLE (Flyball, 8LXD, EV 100.0 MPH) Chad Sullivan to third Runner from 3rd tries for Home, throw by CF and OUT! 8-6-2
|
| Top of the 6th over - 0 runs, 1 hit, 1 error, 1 left on base; Omaha 3 - Toledo 1 |
| BOTTOM OF THE 6TH |
|
Toledo Mud Hens batting - Pitching for Omaha Storm Chasers : RHP Matthew Orphan
|
|
Batting: RHB J.J. Basil
|
0-0: Called Strike 0-1: Swinging Strike 0-2: Strikes out swinging
|
|
Batting: RHB Dusty Pollert
|
0-0: Ball 1-0: Foul Ball, location: 2F 1-1: Called Strike 1-2: Foul Ball, location: 2F 1-2: Ball 2-2: Ball 3-2: Base on Balls
|
|
Batting: RHB Eric Garrett
|
0-0: Ball 1-0: Ball 2-0: Ball 3-0: Called Strike 3-1: Ground out 5-3 (Groundball, 5L, EV 98.8 MPH) Dusty Pollert to second
|
|
Batting: RHB Carlos Armenteros
|
0-0: Ball 1-0: Foul Ball, location: 2F 1-1: Called Strike 1-2: Strikes out looking
|
| Bottom of the 6th over - 0 runs, 0 hits, 0 errors, 1 left on base; Omaha 3 - Toledo 1 |
| TOP OF THE 7TH |
|
Omaha Storm Chasers batting - Pitching for Toledo Mud Hens : RHP Ricky Tercero
|
|
Pitching: RHP Nate Mull
|
|
|
Batting: RHB Kevin Wimberly
|
0-0: SINGLE (Groundball, 6M, EV 104.4 MPH) (infield hit)
|
|
Pinch Runner at 1st Taisei Fujii:
|
|
|
Batting: SHB Ryoji Hiraoka
|
0-0: Ball 1-0: Ball 2-0: Foul Ball, location: 2F 2-1: Ball 3-1: Called Strike 3-2: Fielders Choice at 2nd, 4-6 (Groundball, 4, EV 83.1 MPH)
|
|
Batting: RHB Adam Martin
|
0-0: Ball Ryoji Hiraoka is caught stealing 2nd base 2-4 1-0: Ball 2-0: Ball 3-0: Ground out 4-3 (Groundball, 4S, EV 85.0 MPH)
|
| Top of the 7th over - 0 runs, 1 hit, 0 errors, 0 left on base; Omaha 3 - Toledo 1 |
| BOTTOM OF THE 7TH |
|
Toledo Mud Hens batting - Pitching for Omaha Storm Chasers : RHP Matthew Orphan
|
|
Now at 2B: Ken Postlethwaite
|
|
|
Now at 3B: Taisei Fujii
|
|
|
Now in LF: Kazuki Arai
|
|
|
Batting: SHB Scott Bartholomew
|
0-0: Swinging Strike 0-1: Ball 1-1: Ball 2-1: Foul Ball, location: 2F 2-2: Ball 3-2: Ground out U3 (Groundball, 3, EV 84.4 MPH)
|
|
Batting: RHB Brandon O'Malley
|
0-0: Foul Ball, location: 2F 0-1: Ball 1-1: Ball 2-1: Called Strike 2-2: TRIPLE (Line Drive, 9LD, EV 103.1 MPH)
|
|
Batting: RHB Tony Soto
|
0-0: Swinging Strike 0-1: Ball 1-1: Ground out 5-3 (Groundball, 56S, EV 88.1 MPH) Brandon O'Malley scores
|
|
Batting: SHB Richello Badua
|
0-0: Called Strike 0-1: Ball 1-1: Swinging Strike 1-2: Foul Ball, location: 2F 1-2: Ball 2-2: Fly out, F7 (Flyball, 7S, EV 77.5 MPH)
|
| Bottom of the 7th over - 1 run, 1 hit, 0 errors, 0 left on base; Omaha 3 - Toledo 2 |
| TOP OF THE 8TH |
|
Omaha Storm Chasers batting - Pitching for Toledo Mud Hens : RHP Nate Mull
|
|
Pitching: LHP Ben Saunders
|
|
|
Batting: RHB Kazuki Arai
|
0-0: Called Strike 0-1: Called Strike 0-2: Ball 1-2: Ball 2-2: Foul Ball, location: 2F 2-2: Foul Ball, location: 2F 2-2: Ball 3-2: Base on Balls
|
|
Batting: LHB Robby Diaz
|
0-0: Called Strike 0-1: Foul Ball, location: 2F 0-2: Strikes out swinging
|
|
Batting: RHB Ken Postlethwaite
|
0-0: Called Strike 0-1: Ball 1-1: Foul Ball, location: 2F 1-2: Ball 2-2: Strikes out swinging
|
|
Batting: RHB Chang-keun Baik
|
0-0: Ball 1-0: Called Strike 1-1: Ball 2-1: DOUBLE (Line Drive, 9LM, EV 105.6 MPH) Kazuki Arai to third Runner from 3rd tries for Home, SAFE, throw by RF to trailing runner, SAFE at third!
|
|
Batting: RHB Chad Sullivan
|
0-0: Called Strike 0-1: Ball 1-1: Ball 2-1: SINGLE (Groundball, 6MD, EV 94.4 MPH) Chang-keun Baik scores
|
|
Batting: RHB Jason Birge
|
0-0: Called Strike Chad Sullivan is caught stealing 2nd base 2-4
|
| Top of the 8th over - 2 runs, 2 hits, 0 errors, 0 left on base; Omaha 5 - Toledo 2 |
| BOTTOM OF THE 8TH |
|
Toledo Mud Hens batting - Pitching for Omaha Storm Chasers : RHP Matthew Orphan
|
|
Pitching: RHP Ian Current
|
|
|
Batting: RHB John Evancho
|
0-0: Ball 1-0: Swinging Strike 1-1: Swinging Strike 1-2: Fly out, F8 (Flyball, 8LS, EV 88.1 MPH)
|
|
Batting: RHB J.J. Basil
|
0-0: Ball 1-0: SINGLE (Groundball, 5S, EV 65.6 MPH) (infield hit)
|
|
Batting: RHB Dusty Pollert
|
0-0: Foul Ball, location: 2F 0-1: Swinging Strike 0-2: Ball 1-2: Ball 2-2: Foul Ball, location: 2F 2-2: Strikes out looking
|
|
Batting: RHB Eric Garrett
|
0-0: Ball 1-0: Swinging Strike 1-1: Swinging Strike 1-2: Ball 2-2: Ball 3-2: Base on Balls J.J. Basil to second
|
|
Batting: RHB Carlos Armenteros
|
0-0: Ball 1-0: Ball 2-0: Swinging Strike 2-1: Foul Ball, location: 2F 2-2: Ball 3-2: Base on Balls J.J. Basil to third Eric Garrett to second
|
|
Batting: SHB Scott Bartholomew
|
0-0: Foul Ball, location: 2F 0-1: Foul Ball, location: 2F 0-2: Strikes out looking
|
| Bottom of the 8th over - 0 runs, 1 hit, 0 errors, 3 left on base; Omaha 5 - Toledo 2 |
| TOP OF THE 9TH |
|
Omaha Storm Chasers batting - Pitching for Toledo Mud Hens : LHP Ben Saunders
|
|
Pitching: RHP Mike Santana
|
|
|
Pinch Hitting: SHB Arturo Baez
|
0-0: SINGLE (Line Drive, 8LS, EV 112.5 MPH)
|
|
Batting: RHB Taisei Fujii
|
0-0: Foul Ball, location: 2F 0-1: Called Strike 0-2: Fielders Choice at 2nd, 4-6 (Groundball, 4, EV 83.1 MPH)
|
|
Batting: SHB Ryoji Hiraoka
|
0-0: Called Strike 0-1: Foul Ball, location: 2F 0-2: Foul Ball, location: 2F 0-2: Foul Ball, location: 2F 0-2: Ball 1-2: Strikes out swinging
|
|
Batting: RHB Adam Martin
|
0-0: Called Strike 0-1: Foul Ball, location: 2F 0-2: Foul Ball, location: 2F 0-2: Ball 1-2: Ball 2-2: Foul Ball, location: 2F 2-2: Foul Ball, location: 2F 2-2: Foul Ball, location: 2F 2-2: Ball 3-2: Ground out 6-3 (Groundball, 6M, EV 78.8 MPH)
|
| Top of the 9th over - 0 runs, 1 hit, 0 errors, 1 left on base; Omaha 5 - Toledo 2 |
| BOTTOM OF THE 9TH |
|
Toledo Mud Hens batting - Pitching for Omaha Storm Chasers : RHP Ian Current
|
|
Pitching: RHP Greg Sell
|
|
|
Now at C: Justin Goff
|
|
|
Batting: RHB Brandon O'Malley
|
0-0: Ground out 6-3 (Groundball, 6M, EV 90.0 MPH)
|
|
Batting: RHB Tony Soto
|
0-0: Ball 1-0: Foul Ball, location: 2F 1-1: Foul Ball, location: 2F 1-2: Foul Ball, location: 2F 1-2: Foul Ball, location: 2F 1-2: Ball 2-2: Ground out 5-3 (Groundball, 56S, EV 86.2 MPH)
|
|
Batting: SHB Richello Badua
|
0-0: Foul Ball, location: 2F 0-1: Ball 1-1: Called Strike 1-2: Strikes out looking
|
| Bottom of the 9th over - 0 runs, 0 hits, 0 errors, 0 left on base; Omaha 5 - Toledo 2 |
|